 Dungeon Crawl Stone Soup version 0.18-a0-1390-gc02854d (webtiles) character file.

511 Duffy the Ducker (level 7, -4/43 HPs)
             Began as a Kobold Gladiator on Feb 22, 2016.
             Killed by nerve-wracking pain
             ... invoked by Grinder
              (9 damage)
             ... on level 5 of the Dungeon.
             The game lasted 00:04:24 (5631 turns).

Duffy the Ducker (Kobold Gladiator)                 Turns: 5631, Time: 00:04:24

Health: -4/43      AC: 10    Str: 19    XL:     7   Next: 43%
Magic:  7/7        EV: 16    Int:  6    God:
Gold:   277        SH:  0    Dex: 18    Spells: 0 memorised, 6 levels left

rFire  . . .     SeeInvis .     a - +0 war axe
rCold  . . .     Gourm    .     t - +0 scale mail
rNeg   . . .     Faith    .     (shield restricted)
rPois  .         Spirit   .     c - +0 helmet
rElec  .         Dismiss  .     u - +0 cloak
rCorr  .         Reflect  .     A - +1 pair of gloves
SustAt .         Harm     .     (no boots)
MR     .....                    (no amulet)
Stlth  ..........               x - ring of flight
                                r - +5 ring of strength

@: not resistant to hostile enchantments, extremely unstealthy
A: carnivore 3
a: Evoke Flight


You were on level 5 of the Dungeon.
You were full.

You visited 2 branches of the dungeon, and saw 6 of its levels.

You collected 277 gold pieces.


Innate Abilities, Weirdness & Mutations

You are small and have problems with some larger weapons.
You are carnivorous and can eat meat at any time.


   Skills:
 + Level 4.1 Fighting
 * Level 5.0 Axes
 - Level 2.1 Throwing
 * Level 6.6 Dodging


You had 6 spell levels left.
You didn't know any spells.

Inventory:

Hand Weapons
 a - a +0 war axe (weapon)
 b - a +0 blowgun
Missiles
 w - 18 poisoned needles
Armour
 c - a +0 helmet (worn)
 t - a +0 scale mail (worn)
 u - a +0 cloak (worn)
 v - a +0 leather armour
 A - a +1 pair of gloves (worn)
Jewellery
 r - a +5 ring of strength (left hand)
 x - a ring of flight (right hand)
Scrolls
 e - 2 scrolls of recharging {unknown}
 g - 6 scrolls of identify {unknown}
 i - 6 scrolls of remove curse {unknown}
 j - a scroll of fog {unknown}
 o - a scroll of magic mapping {unknown}
 s - a scroll of enchant weapon {unknown}
 y - 2 scrolls of blinking {unknown}
 B - a scroll of teleportation {unknown}
Potions
 h - a potion of curing {unknown}
 k - a potion of flight {unknown}
 l - a potion of cancellation {unknown}
 m - 2 potions of invisibility {unknown}
 p - a potion of lignification {unknown}
 q - a potion of degeneration {unknown}
 z - a potion of berserk rage {unknown}
Comestibles
 f - 6 meat rations
 n - 2 beef jerkies
 C - a royal jelly

Dungeon Overview and Level Annotations

Branches:
Dungeon (5/15)             Temple (1/1) D:4

Altars:
Ashenzari
Dithmenos
Elyvilon
Fedhas
Kikubaaqudgha
Makhleb
Nemelex Xobeh
Okawaru
Pakellas
Ru
Sif Muna
Vehumet
Xom
Yredelemnul
The Shining One

Annotations:
D:5 Grinder; Tommers's ghost, novice SpEn


Message History

Grinder struggles to escape the net.
You hit Grinder.
Grinder is lightly wounded.
Grinder struggles to escape the net.
Grinder breaks free.
You hit Grinder but do no damage. Grinder gestures at you.
Pain shoots through your body! Grinder closely misses you.
You barely miss Grinder. Grinder hits you but does no damage.
You slash Grinder!
Grinder is moderately wounded.
Grinder hits you but does no damage. Grinder gestures at you.
Pain shoots through your body!
Grinder drinks a potion.
Grinder seems to speed up.
Grinder gestures at you.
You suddenly lose the ability to move!
Grinder gestures at you. You resist with significant effort. Grinder hits you.
You writhe in agony.
Grinder hits you.
You writhe in agony. x2
Grinder gestures at you.
You struggle to resist.
Grinder hits you but does no damage.
You can move again.
Throwing (i - inventory):
d - a throwing net (quivered)
Press: ? - help, Shift-Dir - straight line, f/p - Grinder
Aim: Grinder (moderately wounded, fast)
You throw a throwing net. The throwing net hits Grinder.
Grinder is caught in the net!
Grinder is moderately wounded.
Grinder struggles to escape the net.
Grinder struggles against the net.
Grinder gestures at you. Pain shoots through your body!
You die...

#.##
#.###.### #.#
#^.##.#
##+#+# #.#
#..##.#
.....# #+#
#...#.#
.....##
#.#.#.#
......#
#.#...##.....
#.#..........
#.#.....5#+##
+.#....@.#
###......#
#......#
###..###
#...# #.....
.......
..........
..........


You could see Grinder (caught).

Action                   |  1- 3 |  4- 6 |  7- 9 || total
-------------------------+-------+-------+-------++-------
Melee: War axe           |   129 |   220 |    43 ||   392
 Fire: Blowgun           |       |     7 |       ||     7
Throw: Throwing net      |       |     1 |     2 ||     3
 Stab: Sleeping          |     1 |     1 |       ||     2
  Eat: Chunk             |     5 |    10 |     5 ||    20

Notes
Turn   | Place    | Note
--------------------------------------------------------------
     0 | D:1      | Duffy the Kobold Gladiator began the quest for the Orb.
     0 | D:1      | Reached XP level 1. HP: 12/12 MP: 1/1
   216 | D:1      | Reached XP level 2. HP: 15/17 MP: 2/2
   219 | D:1      | Reached skill level 3 in Axes
   244 | D:1      | Reached skill level 4 in Dodging
   845 | D:1      | Reached XP level 3. HP: 22/22 MP: 3/3
  1132 | D:2      | Noticed Robin
  1428 | D:2      | Noticed Jessica
  1661 | D:2      | Killed Jessica
  1661 | D:2      | Reached XP level 4. HP: 25/27 MP: 4/4
  1862 | D:2      | Killed Robin
  2023 | D:2      | Reached XP level 5. HP: 30/32 MP: 5/5
  2176 | D:2      | Reached skill level 5 in Dodging
  2548 | D:2      | Noticed Crazy Yiuf
  2556 | D:2      | Killed Crazy Yiuf
  2556 | D:2      | Reached skill level 3 in Fighting
  2556 | D:2      | Reached skill level 4 in Axes
  2626 | D:3      | Found a shattered altar of Ashenzari.
  2628 | D:3      | Found a sacrificial altar of Ru.
  2629 | D:3      | Found a deep blue altar of Sif Muna.
  2993 | D:3      | Reached XP level 6. HP: 27/37 MP: 6/6
  3776 | D:4      | Noticed Blork the orc
  3786 | D:4      | Killed Blork the orc
  4284 | D:4      | Reached skill level 4 in Fighting
  4324 | D:4      | Reached skill level 6 in Dodging
  4324 | D:4      | Reached XP level 7. HP: 33/43 MP: 7/7
  4403 | D:4      | Found a staircase to the Ecumenical Temple.
  4412 | Temple   | Entered the Ecumenical Temple
  5107 | D:5      | Entered Level 5 of the Dungeon
  5130 | D:5      | Reached skill level 5 in Axes
  5138 | D:5      | Noticed Tommers's ghost (novice SpEn)
  5612 | D:5      | Noticed Grinder
  5626 | D:5      | Paralysed by Grinder for 4 turns
  5631 | D:5      | Killed from afar by Grinder

Vault maps used:
D:1:      evilmike_arrival_rings, minmay_gold_behind_fungi,
          hangedman_decor_diamond_cutter
D:2:      minmay_cut_off, uniq_robin, uniq_jessica, uniq_crazy_yiuf_cottage
D:3:      minitemple
D:4:      temple_hall, st_stairs_4, kennysheep_doodads, uniq_blork_the_orc
D:5:      first_bread, makhleb_blood_cavern_becter, uniq_grinder
Temple:   eino_temple_water_12

Vanquished Creatures
  Blork the orc
  A crimson imp
  A hound
  An orc wizard
  3 orc priests Crazy Yiuf Jessica
  A worker ant Robin
  A gnoll
  4 adders
  3 worms
  A dart slug
  A giant gecko
  15 orcs
  5 giant cockroaches
  16 goblins
  9 hobgoblins
  8 jackals
  11 kobolds
  3 quokkas
  A ball python
  7 bats
  A giant gecko skeleton
  11 giant newts
  5 rats
  5 fungi
118 creatures vanquished.
